 Dungeon Crawl Stone Soup version 0.29-a0-822-ga620ab95ad (webtiles) character file.

Game seed: 8279445345222035214

35 Locuples the Sneak (level 3, -6/27 HPs)
             Began as a Demonspawn Brigand on July 8, 2022.
             Mangled by a gnoll
             ... wielding a +0 flail
              (9 damage)
             ... on level 2 of the Dungeon.
             The game lasted 00:03:00 (1772 turns).

Locuples the Sneak (Demonspawn Brigand)             Turns: 1772, Time: 00:03:00

Health: -6/27      AC:  3    Str: 13    XL:     3   Next: 17%
Magic:  3/3        EV: 11    Int: 12    God:
Gold:   58         SH:  0    Dex: 14    Spells: 2/2 levels left

rFire   . . .      SeeInvis .   j - +3 dagger
rCold   . . .      Faith    .   (no shield)
rNeg    . . .      Spirit   .   b - +0 robe
rPois   .          Reflect  .   (helmet restricted)
rElec   .          Harm     .   c - +0 cloak
rCorr   .          Rampage  .   (no gloves)
Will    .....                   (no boots)
Stlth   +++.......              (no amulet)
HPRegen 0.09/turn               (no ring)
MPRegen 0.08/turn               (no ring)

@: no status effects
A: antennae 1
a: no special abilities


You were on level 2 of the Dungeon.
You visited 1 branch of the dungeon, and saw 2 of its levels.

You collected 58 gold pieces.

Inventory:

Hand Weapons
 j - a +3 dagger (weapon)
Missiles
 d - 9 poisoned darts (quivered)
 e - 3 curare-tipped darts
Armour
 b - a +0 robe (worn)
 c - a +0 cloak (worn)
Jewellery
 k - a ring of ice
Scrolls
 f - 4 scrolls of identify {unknown}
 i - a scroll of immolation {unknown}
 l - 2 scrolls of fear {unknown}
 m - a scroll of vulnerability {unknown}
Potions
 a - a potion of haste {unknown}
 g - a potion of berserk rage {unknown}
 h - a potion of magic {unknown}


   Skills:
 - Level 2.0 Fighting
 + Level 2.2 Short Blades
 - Level 1.7 Throwing
 - Level 0.8 Dodging
 + Level 4.5 Stealth


You had 2 spell levels left.
You didn't know any spells.
Your spell library was empty.

Dungeon Overview and Level Annotations

Branches:
Dungeon (2/15)

Altars:


Innate Abilities, Weirdness & Mutations

You have a pair of small antennae on your head.


Message History

Partly explored, can't reach some places.
Partly explored, can't reach some places.
You enter the shallow water.
Moving in this stuff is going to be slow.
There is a stone staircase leading down here.
You climb downwards.
There is a stone staircase leading up here.
You now have 55 gold pieces (gained 8).
You open the door.
There is an open door here.
A quokka comes into view.
Found 3 gold pieces.
The helpless quokka fails to defend itself.
You impale the quokka!!
You kill the quokka!
You now have 58 gold pieces (gained 3).
There is an open door here.
Found a falchion.
A gnoll comes into view. It is wielding a +0 flail.
Found a short sword. 2 gnolls come into view.
Things that are here:
a fizzy coppery potion; a +0 leather armour A gnoll comes into view.
It is wielding a +0 halberd.
Things that are here:
a fizzy coppery potion; a +0 leather armour You open the door.
You hit the gnoll.
The gnoll is moderately wounded.
The gnoll hits you with a +0 flail! The gnoll misses you.
You hit the gnoll.
The gnoll is moderately wounded.
The gnoll closely misses you.
The gnoll hits you from afar with a +0 halberd!
Ouch! That really hurt!
* * * LOW HITPOINT WARNING * * *
You closely miss the gnoll.
The gnoll is moderately wounded.
The gnoll hits you with a +0 flail!
You die...

#.############## #.#
##'##### #......#
#......# #......#####
##'####....# ## #.#
#....# . #@# #....#
#.#g# #....#
#####.#g####....#####
....................+
##....#.###...#######
#....#.###...#
+........'...+
##....#.###...#
......#.......+


You could see 2 gnolls.

Vanquished Creatures
  2 dart slugs (D:1)
  2 ball pythons (D:1)
  3 endoplasms (D:1)
  A giant cockroach (D:1)
  5 goblins (D:1)
  5 hobgoblins (D:1)
  A quokka (D:2)
  A bat (D:1)
  8 frilled lizards (D:1)
  A rat (D:1)
29 creatures vanquished.

Vanquished Creatures (others)
  7 plants (D:1)
7 creatures vanquished.

Grand Total: 36 creatures vanquished

Notes
Turn   | Place    | Note
-------+----------+-------------------------------------------
     0 | D:1      | Locuples the Demonspawn Brigand began the quest for the
                  | Orb.
     0 | D:1      | Reached XP level 1. HP: 16/16 MP: 1/1
    70 | D:1      | Reached skill level 4 in Stealth
   127 | D:1      | Gained mutation: You have a pair of small antennae on your
                  | head. [demonic ancestry]
   127 | D:1      | Reached XP level 2. HP: 18/22 MP: 2/2
   966 | D:1      | Reached XP level 3. HP: 27/27 MP: 3/3
  1772 | D:2      | Mangled by a gnoll

Illustrated notes

Levels and vault maps discovered:
D:1:      dpeg_arrival_shelter, layout_loops_corners, serial_rivers,
          chequers_serial_rivers_room_b, chequers_serial_rivers_small_b,
          chequers_serial_rivers_micro_e, chequers_serial_rivers_small_3,
          chequers_serial_rivers_large_a, fountainhead, serial_park_tiny_1,
          minmay_lizard_king
D:2:      layout_basic, uniq_robin

Skill      XL: |  1  2 |
---------------+-------+-----
Stealth        | 4 |  4.5
Short Blades   | 2 |  2.2
Fighting       | |  2.0
Throwing       | |  1.7
Dodging        | |  0.8

Action                   || total
-------------------------++-------
Melee: Dagger            ||   122
 Stab: Sleeping          ||     2
       Distracted        ||     1
Armor: Robe              ||    22
Dodge: Dodged            ||    51

Table legend: (Time is in decaauts)
 A = Elapsed time spent in this place.
 B = Non-inter-level travel time spent in this place.
 C = Inter-level travel time spent in this place.
 D = Time resting spent in this place.
 E = Time spent auto-exploring this place.
 F = Levels seen in this place.
 G = Mean time per level.
                   A        B        C        D        E       F      G
               +--------+--------+--------+--------+--------+-----+--------+
         Total |   1782 |   1782 |      0 |    183 |   1268 |   2 |  891.0 |
       Dungeon |   1782 |   1782 |      0 |    183 |   1268 |   2 |  891.0 |
               +--------+--------+--------+--------+--------+-----+--------+

Top non-repeatable levels by time:
     D:1: 1716 daAuts
     D:2: 66 daAuts
